Map: Tritón EE

Players

MaSa

  • Race: Terran Terran
  • Spawn Location: 11:00

PartinG - Winner!

  • Race: Protoss Protoss
  • League: Grandmaster
  • Spawn Location: 5:00

VOD

Have the link to the VOD?

Description

Time

  • Played on: Jan. 7, 2020, 7:41 p.m.
  • Length: 9:23
Show
View Real Time Build Order
Export as new Build Order

MaSa Terran 

Build Orders: Reaper Expand 

Get SALT Encoding   

  12  0:01  SCV  
  13  0:13  SCV  
  14  0:17  Supply Depot  
  14  0:25  SCV  
  15  0:39  SCV  
  15  0:41  Barracks  
  16  0:45  Refinery  
  16  0:51  SCV  
  17  1:03  SCV  
  18  1:17  SCV  
  19  1:29  Orbital Command, Reaper  
  20  1:41  Command Center  
  20  1:56  SCV  
  20  1:57  Supply Depot  
  21  2:01  Marine  
  21  2:08  SCV, Bunker  
  23  2:15  Factory  
  23  2:22  Barracks Reactor  
  23  2:25  SCV  
  22  2:44  SCV  
  22  2:48  Bunker  
  22  2:50  Marine  
  24  2:56  SCV  
  25  3:00  Factory Tech Lab  
  25  3:08  SCV  
  25  3:17  Barracks Reactor  
  25  3:20  SCV  
  25  3:25  Refinery, Orbital Command  
  28  3:33  SCV, Cyclone  
  30  3:36  Barracks  
  30  3:43  Barracks  
  30  3:45  SCV  
  31  3:53  SCV  
  32  3:57  SCV  
  32  3:59  Marine x2  
  35  4:05  SCV  
  35  4:09  SCV  
  37  4:10  Supply Depot  
  37  4:11  Factory Tech Lab  
  36  4:17  SCV  
  36  4:18  Marine x2  
  36  4:22  Starport  
  39  4:24  SCV  
  39  4:25  Supply Depot  
  39  4:29  SCV  
  41  4:32  Siege Tank  
  41  4:36  SCV  
  41  4:37  Marine  
  41  4:38  Marine  
  47  4:42  SCV, Marine  
  47  4:43  Refinery  
  47  4:44  Marine  
  50  4:49  Stimpack  
  50  4:53  SCV  
  50  4:54  SCV  
  50  4:59  Supply Depot  
  52  5:00  Starport Reactor  
  52  5:03  Marine  
  52  5:05  SCV, Marine  
  52  5:06  SCV  
  56  5:11  Marine x2  
  58  5:16  Engineering Bay  
  58  5:17  SCV  
  58  5:19  Siege Tank  
  62  5:24  SCV  
  60  5:29  Marine x2  
  60  5:30  Marauder  
  60  5:33  Supply Depot  
  60  5:34  SCV  
  65  5:41  SCV, Marine  
  63  5:46  SCV  
  63  5:47  Marine  
  64  5:51  Marauder  
  64  5:53  SCV  
  63  5:59  SCV  
  63  6:01  Marine  
  65  6:05  Terran Infantry Weapons Level 1  
  65  6:12  Marauder  
  65  6:13  SCV  
  65  6:15  Marine  
  65  6:16  Marine  
  70  6:20  SCV, Refinery  
  70  6:21  Supply Depot  
  70  6:24  Supply Depot  
  71  6:26  SCV  
  71  6:31  Marine  
  71  6:32  SCV, Combat Shield, Supply Depot  
  74  6:33  Supply Depot  
  74  6:34  Marauder  
  74  6:36  Medivac  
  74  6:39  Barracks Tech Lab  
  78  6:41  Marine  
  78  6:48  SCV  
  78  6:49  SCV, Marine  
  78  6:55  Viking, Marauder  
  78  6:59  Marine  
  85  7:01  Marauder  
  85  7:05  SCV  
  85  7:11  SCV  
  86  7:17  Supply Depot  
  86  7:20  Barracks  
  86  7:21  Supply Depot, Barracks  
  86  7:22  Marine x2, Marauder  
  90  7:25  SCV  
  90  7:27  SCV  
  90  7:28  Concussive Shells  
  92  7:32  Medivac  
  92  7:34  Marauder  
  96  7:38  SCV  
  96  7:40  SCV  
  96  7:42  Supply Depot  
  95  7:51  Marine  
  95  7:52  Marauder  
  95  7:57  SCV  
  91  8:00  Marine, Marauder  
  91  8:01  Siege Tank  
  91  8:02  SCV  
  98  8:09  Marine, SCV, Medivac x2  
  104  8:14  SCV  
  105  8:21  Barracks Reactor, Marauder, Barracks Tech Lab  
  105  8:22  SCV  
  105  8:26  SCV  
  109  8:33  Marine x2  
  109  8:34  Marauder  
  113  8:42  Marauder  
  113  8:45  Marauder  
  113  8:47  Siege Tank  
  120  8:51  Marine x2  
  120  8:55  Marauder  
  123  8:59  Marine x2  
  110  9:03  Command Center  
  110  9:08  SCV  
Show
View Real Time Build Order
Export as new Build Order

PartinG Protoss - Winner!

Build Orders: Blink Stalkers 

Get SALT Encoding   

  12  0:00  Probe  
  13  0:13  Probe  
  14  0:21  Pylon  
  14  0:25  Probe  
  15  0:32  Pylon  
  15  0:40  Probe  
  16  0:50  Gateway  
  16  0:52  Probe  
  16  0:55  Assimilator  
  17  1:04  Probe  
  18  1:16  Probe  
  19  1:28  Probe  
  20  1:36  Zealot (Chrono Boost)  
  20  1:39  Cybernetics Core  
  22  1:50  Nexus  
  22  1:54  Zealot (Chrono Boost)  
  22  1:59  Probe  
  25  2:04  Assimilator  
  25  2:11  Probe  
  26  2:19  Stalker (Chrono Boost)  
  28  2:24  Warp Gate, Probe  
  28  2:38  Probe  
  28  2:42  Stalker (Chrono Boost)  
  29  2:50  Probe  
  28  3:01  Twilight Council  
  28  3:02  Probe  
  28  3:03  Probe  
  30  3:09  Stalker (Chrono Boost)  
  32  3:14  Probe  
  32  3:15  Probe  
  34  3:25  Gateway x2  
  34  3:28  Probe  
  34  3:29  Probe  
  36  3:38  Blink (Chrono Boost)  
  37  3:41  Probe  
  37  3:43  Pylon  
  37  3:49  Probe  
  37  3:53  Probe  
  39  3:59  Robotics Facility  
  39  4:01  Probe  
  40  4:04  Assimilator  
  40  4:05  Probe  
  40  4:08  Pylon  
  41  4:15  Probe  
  42  4:17  Sentry  
  42  4:18  Probe  
  42  4:20  Stalker  
  47  4:24  Assimilator  
  47  4:25  Stalker  
  47  4:28  Probe  
  47  4:30  Probe  
  51  4:40  Probe  
  51  4:42  Probe, Stalker  
  51  4:43  Stalker  
  57  4:50  Warp Prism  
  59  4:56  Pylon  
  59  4:57  Probe  
  59  4:58  Probe  
  61  5:03  Pylon  
  61  5:09  Probe  
  62  5:14  Stalker x2  
  62  5:17  Stalker  
  62  5:20  Probe  
  62  5:21  Probe  
  70  5:39  Probe  
  69  5:44  Stalker x3  
  69  5:47  Probe  
  76  5:51  Probe  
  71  6:01  Probe  
  71  6:03  Probe, Charge, Robotics Bay  
  71  6:05  Forge  
  71  6:12  Adept x3  
  71  6:14  Pylon  
  77  6:19  Nexus  
  77  6:23  Pylon  
  77  6:31  Protoss Ground Weapons Level 1 (Chrono Boost)  
  77  6:34  Sentry  
  77  6:38  Sentry  
  81  6:40  Zealot  
  81  6:44  Gateway  
  81  6:45  Gateway  
  83  6:50  Colossus (Chrono Boost)  
  89  6:55  Extended Thermal Lance  
  89  7:00  Zealot  
  91  7:06  Pylon x2  
  91  7:19  Gateway  
  91  7:21  Gateway  
  91  7:26  Probe x2  
  91  7:29  Gateway, Colossus (Chrono Boost)  
  93  7:33  Probe  
  100  7:38  Probe x2  
  100  7:41  Pylon  
  100  7:46  Zealot x3  
  100  7:47  Zealot  
  104  7:58  Stalker  
  96  8:08  Stalker x3  
  102  8:17  Colossus (Chrono Boost)  
  108  8:26  Probe  
  109  8:28  Stalker x4  
  109  8:33  Stalker x3  
  123  8:38  Probe x2  
  125  8:47  Gateway  
  125  8:55  Probe  
  114  9:03  Zealot x4  
  114  9:04  Zealot x2  
Tags
 
Add a new tag
Caveats
  • Supply blocks, unpowered buildings, or Contaminate may cause inaccurate times.
  • Supply counts are checked every 10 seconds.